 Dungeon Crawl Stone Soup version 0.31-a0-1206-g41278d8d1d (webtiles) character file.

Game seed: 7664303053798180549

296401 Pooter the Executioner (level 20, -2/219 (300) HPs)
             Began as a Minotaur Berserker on Dec 12, 2023.
             Was a Priest of Trog.
             Slain by an antique champion
             ... wielding a +0 double sword of draining
              (6 damage)
             ... in a wizard's laboratory on Dec 14, 2023.
             The game lasted 04:53:15 (84398 turns).

Pooter the Executioner (Minotaur Berserker)        Turns: 84398, Time: 04:53:16

HP:   -2/219 (300)  AC: 35    Str: 26    XL:     20   Next: 8%
MP:   0/19          EV:  8    Int:  6    God:    Trog [***...]
Gold: 1684          SH:  0    Dex: 19    Spells: 19/19 levels left

rFire   + . .        a - +3 executioner's axe (elec)
rCold   + + .        (shield currently unavailable)
rNeg    . . .        F - +5 gold dragon scales
rPois   +            (helmet restricted)
rElec   .            p - scarf {harm}
rCorr   .            s - +2 pair of gloves
SInv    +            Y - +2 pair of boots
Will    +++..        G - amulet of Buov {Spirit rPois rC+ Regen+} Stlth
                     S - ring of see invisible
HPRegen 2.36/turn    x - +6 ring of dexterity
MPRegen 0.16/turn

%: harm (+30% outgoing, +20% incoming), guardian spirit
@: berserking, strong-willed, regenerating, slowed, very heavily drained
A: horns 2, retaliatory headbutt
}: 2/15 runes: decaying, gossamer
a: Renounce Religion, Berserk, Trog's Hand


You were in a wizard's laboratory.
You worshipped Trog.
Trog was most pleased with you.
You visited 7 branches of the dungeon, and saw 34 of its levels.
You visited 1 bazaar.
You also visited: Ossuary and Wizlab.

You collected 4283 gold pieces.
You spent 2599 gold pieces at shops.

Inventory:

Hand Weapons
 a - a +3 executioner's axe of electrocution (weapon)
   (You took it off Rupert on level 5 of the Lair of Beasts)
 b - a +6 arbalest of draining
   (You took it off a kobold blastminer on level 1 of the Orcish Mines)
 r - a +2 broad axe of holy wrath
   (You found it on level 14 of the Dungeon)
 v - a +1 battleaxe of flaming
   (You took it off an orc high priest on level 2 of the Elven Halls)
 E - a +0 heavy dire flail
   (You took it off an ironbound thunderhulk on level 1 of the Vaults)
Missiles
 m - 2 darts of dispersal {!f}
 q - 29 boomerangs (quivered)
 B - 16 curare-tipped darts
 J - 4 throwing nets {!f}
 M - 15 javelins
Armour
 p - a scarf of harm (worn)
   (You found it on level 4 of the Spider Nest)
 s - a +2 pair of gloves (worn)
   (You found it on level 3 of the Elven Halls)
 F - +5 gold dragon scales (worn)
   (You bought it in a shop on level 7 of the Dungeon)
 Y - a +2 pair of boots (worn)
   (You found it on level 11 of the Dungeon)
Jewellery
 x - a +6 ring of dexterity (right hand)
   (You found it on level 2 of the Spider Nest)
 C - a ring of resist corrosion
   (You found it on level 1 of the Dungeon)
 G - the amulet of Buov (around neck) {Spirit rPois rC+ Regen+}
   (You took it off a deep elf sorcerer on level 3 of the Elven Halls)

   [amulet of guardian spirit]

   Spirit:    It causes incoming damage to be divided between your reserves of
   health and magic.
   rC+:       It protects you from cold.
   rPois:     It protects you from poison Regen+: It increases your rate of
   health regeneration.
 K - a ring of flight
   (You took it off a deep elf sorcerer on level 3 of the Elven Halls)
 N - a ring of positive energy
   (You found it on level 2 of the Dungeon)
 P - an amulet of reflection
   (You found it on level 4 of the Lair of Beasts)
 S - a ring of see invisible (left hand)
   (You found it on level 6 of the Dungeon)
 Z - a ring of willpower
   (You took it off a deep elf annihilator on level 3 of the Elven Halls)
Wands
 d - a wand of iceblast (9)
   (You found it on level 2 of the Orcish Mines)
 f - a wand of flame (37)
   (You found it on level 2 of the Orcish Mines)
 u - a wand of paralysis (28)
   (You found it on level 5 of the Lair of Beasts)
 D - a wand of digging (10)
   (You found it on level 4 of the Spider Nest)
 H - a wand of quicksilver (3)
   (You found it on level 3 of the Elven Halls)
 R - a wand of polymorph (12)
   (You found it on level 3 of the Lair of Beasts)
 U - a wand of mindburst (17)
   (You bought it in a shop in a bazaar)
Scrolls
 l - 5 scrolls of fog
 n - 2 scrolls of blinking
 t - 6 scrolls of teleportation {@r4}
 y - 2 scrolls of fear
 z - 4 scrolls of vulnerability {!r}
 A - 2 scrolls of revelation
 L - 5 scrolls of immolation {!r}
 T - 3 scrolls of butterflies
 V - 4 scrolls of noise {!r}
 W - 3 scrolls of poison
 X - a scroll of silence
Potions
 c - 5 potions of resistance
 e - 2 potions of might
 g - 7 potions of curing {@q1}
 h - 5 potions of lignification {!q}
 i - 4 potions of heal wounds {@q2}
 j - 6 potions of invisibility
 k - 6 potions of attraction {!q}
 o - 2 potions of cancellation
 w - 3 potions of enlightenment
 I - 6 potions of haste {@q3}
 O - 8 potions of mutation {!q}
Miscellaneous
 Q - a condenser vane
   (You bought it in a shop on level 13 of the Dungeon)


   Skills:
 + Level 21.8 Fighting
 - Level 24.0 Axes
 - Level 18.0 Ranged Weapons
 + Level 8.0 Throwing
 * Level 20.1 Armour
 - Level 2.1 Dodging
 - Level 2.8 Stealth
 - Level 10.0 Evocations


You had 19 spell levels left.
You didn't know any spells.
Your spell library was empty.

Dungeon Overview and Level Annotations

Branches:
Dungeon (15/15) Zot: 24902  Temple (0/1) D:4            Lair (5/5) D:10 Zot: 9932
  Swamp (4/4) Lair:2 Zot: 15204  Spider (4/4) Lair:2 Zot: 10733   Slime (0/5) Lair:4
    Orc (2/2) D:10 Zot: 2560     Elf (3/3) Orc:2 Zot: 8345  Vaults (1/5) D:14 Zot: 5842
 Depths (0/4) D:15        Ossuary (visited)          WizLab (1/1) Zot: 5698

Altars:
Cheibriados
Kikubaaqudgha
Nemelex Xobeh
Qazlal
Sif Muna
Uskayaw
Zin
Jiyva

Shops:
D:7 *   D:11 :   D:13 *   Orc:1 ?   Orc:2 (**:   Elf:2 (   Elf:3 !

Annotations:
Swamp:4 1 runed translucent door, Doj's ghost, journeyman DsEE
Elf:2 5 runed translucent doors


Innate Abilities, Weirdness & Mutations

You have a pair of horns on your head.
You reflexively headbutt those who attack you in melee.


Message History

You barely miss the antique champion. You headbutt the antique champion.
You barely miss the shadow wraith.
The antique champion blocks your attack.
You barely miss the phantasmal warrior.
The antique champion closely misses you.
You furiously retaliate!
You headbutt the antique champion!
The antique champion hits you but does no damage.
You feel drained.
The shadow wraith hits you but does no damage.
You hit the antique champion but do no damage.
You headbutt the antique champion! You hit the phantasmal warrior.
Lightning courses through the phantasmal warrior!!
You carve the phantasmal warrior like a ham!!!
Lightning courses through the phantasmal warrior!
You destroy the phantasmal warrior!
The phantasmal warrior disappears in a puff of smoke!
You cut the shadow wraith into ribbons!!!
You destroy the shadow wraith!
The shadow wraith disappears in a puff of smoke!
You barely miss the antique champion.
The antique champion hits you with the +9 sword of Zonguldrok {reap}!!
* * * LOW MAGIC WARNING * * *
* * * LOW HITPOINT WARNING * * *
The antique champion hits you with a +0 double sword of draining!
* * * LOW MAGIC WARNING * * *
* * * LOW HITPOINT WARNING * * *
You feel drained.
* * * LOW HITPOINT WARNING * * *
Unknown command.
The antique champion blocks your attack. x2
You slice the freezing wraith!!
Lightning courses through the freezing wraith!
You destroy the freezing wraith!
The freezing wraith disappears in a puff of smoke!
You slice the phantasmal warrior!!
You destroy the phantasmal warrior!
The phantasmal warrior disappears in a puff of smoke!
The antique champion casts a spell at you.
You feel haunted.
The antique champion hits you with the +9 sword of Zonguldrok {reap}!
* * * LOW MAGIC WARNING * * *
* * * LOW HITPOINT WARNING * * *
Unknown command.
The antique champion blocks your attack.
You barely miss the wraith. You miss the antique champion.
The antique champion hits you with a +0 double sword of draining!!!
* * * LOW MAGIC WARNING * * *
* * * LOW HITPOINT WARNING * * *
You feel drained.
You die...

#.....♣.♣....♣...♣##
#♣♣......).).........##
#♣.♣..............)....##
#...............).......♣
♣♣......#########.......#
#♣......# ))#)[ #......♣#
♣......## .§. ##......#
#....### ##'## ###...♣#
#♣...# #.@§# #...♣#
#♣...# ###zzW### #..8.#
#....# #....WW.# #....♣
#....## #.......####....#
#....#..+.......'..#...♣#
#♣...#..###...###..#...♣
♣...#....#...#....#...♣♣
#♣...###..#####..###8...#
#......##...'...##.....♣♣


You could see 2 antique champions, 2 freezing wraiths and a wraith (summoned).

Vanquished Creatures
  Rupert (Lair:5)
  A tentacled monstrosity (Swamp:4)
  A deep elf master archer (Elf:3)
  2 deep elf blademasters (Elf:3)
  2 liches (WizLab)
  Frances (D:13)
  An ancient champion (WizLab)
  Roxanne (Swamp:1)
  6 deep elf sorcerers
  A juggernaut zombie (WizLab)
  5 emperor scorpions
  5 deep elf elementalists
  A vault warden (Vaults:1)
  5 ghost moths
  2 orc warlords
  2 ghouls (Swamp:2)
  3 broodmothers
  A juggernaut skeleton (WizLab)
  3 ironbound thunderhulks (Vaults:1)
  6 eleionomae
  2 vampire knights (WizLab)
  3 deep elf demonologists
  7 deep elf annihilators (Elf:3)
  Nessos (Lair:4)
  The ghost of Coer the Martial Artist, a journeyman DgDe (Lair:4)
  5 bunyips
  Azrael (D:14)
  2 dire elephants (Swamp:2)
  4 spark wasps
  4 deep elf death magi (Elf:3)
  A fire dragon (Lair:5)
  2 jiangshi (WizLab)
  Snorg (Lair:5)
  7 entropy weavers
  An ettin (Orc:2)
  A spriggan air mage (Swamp:3)
  6 deep elf high priests (Elf:3)
  22 hydras
  The ghost of servayboy121 the Ripper, a journeyman FeSh of Hepliaklqana (D:14)
  A juggernaut simulacrum (WizLab)
  A radroach (Spider:4)
  7 ghost crabs
  8 vault guards
  11 alligators
  A ragged hierophant (Elf:1)
  5 centaur warriors
  An ogre mage (D:15)
  5 boulder beetles
  4 jorogumos
  Erica (D:9)
  12 two-headed ogres
  11 death yaks
  A hell hog (Lair:5)
  2 occultists (Elf:1)
  16 dancing weapons
  A vampire mage (D:15)
  9 orc high priests
  6 demonic crawlers
  10 spriggans
  17 deep elf knights
  5 fire crabs (Lair:4)
  Sonja (Lair:3)
  A skyshark (Lair:1)
  4 pharaoh ants
  9 skeletal warriors
  10 goliath frogs
  6 orb spiders
  A storm dragon skeleton (WizLab)
  An ironbound convoker (Vaults:1)
  5 spriggan druids
  11 swamp dragons
  4 bog bodies
  7 deep elf archers
  3 phantasmal warriors (WizLab)
  A steelbarb worm (Spider:4)
  20 deep elf zephyrmancers
  8 orc knights
  A necromancer (D:15)
  27 ugly things
  13 wolf spiders
  22 deep elf pyromancers
  4 orc sorcerers
  An oklob plant (Lair:1)
  3 cyclopes
  2 manticores
  3 moths of wrath
  3 will-o-the-wisps
  An apocalypse crab (Lair:4)
  2 black mambas
  19 elephants
  3 torpor snails
  6 kobold blastminers
  4 gargoyles
  12 cane toads
  3 storm dragon simulacra (WizLab)
  14 komodo dragons
  3 unseen horrors
  6 rime drakes
  An efreet (D:15)
  2 tengu conjurers (D:15)
  5 yaktaurs
  10 trolls
  A merfolk (shapeshifter) (D:15)
  19 tarantellas
  2 saltlings (Elf:1)
  26 blink frogs
  3 meliai
  19 hornets
  A polar bear (shapeshifter) (D:14)
  12 tyrant leeches
  A spriggan zombie (D:15)
  11 polar bears
  3 raiju
  A jumping spider (shapeshifter) (D:13)
  6 air elementals
  12 dream sheep
  18 jumping spiders
  6 slime creatures (D:12)
  A vampire (D:13)
  2 shadows
  7 wyverns
  A spriggan skeleton (D:15)
  2 wraiths (D:13)
  4 fire elementals
  17 culicivoras
  7 humans (D:14)
  3 water elementals
  45 redbacks
  41 yaks
  19 vampire mosquitoes
  2 steam dragons
  5 basilisks
  7 wargs
  A two-headed ogre zombie (WizLab)
  17 swamp worms
  5 acid dragons
  14 water moccasins
  17 hell hounds
  11 swamp drakes
  3 sky beasts
  59 orc warriors
  14 black bears
  A swamp dragon zombie (WizLab)
  2 ice beasts
  A crocodile (shapeshifter) (D:13)
  19 wolves
  A boggart (Elf:1)
  17 ogres
  4 centaurs
  2 phantoms (D:5)
  2 swamp dragon skeletons (WizLab)
  4 kobold brigands
  3 elf zombies (Ossuary)
  2 gnoll sergeants
  16 bullfrogs
  9 scorpions
  5 earth elementals
  3 necrophages
  15 wights
  A cyclops skeleton (WizLab)
  A swamp dragon simulacrum (WizLab)
  10 killer bees (D:11)
  A howler monkey (D:9)
  3 electric eels
  2 centaur zombies (D:6)
  A human zombie (D:6)
  2 hounds
  41 orc priests
  A bullfrog zombie (D:6)
  Terence (D:2)
  4 hell rats (Lair:3)
  9 iguanas
  24 orc wizards
  A killer bee zombie (D:6)
  7 mummies
  Robin (D:2)
  A howler monkey zombie (D:6)
  10 gnolls
  9 adders
  2 shadow imps
  2 white imps
  4 adder zombies (Ossuary)
  5 worms
  5 dart slugs
  128 orcs
  7 bats
  8 endoplasms
  5 giant cockroaches
  20 goblins
  10 hobgoblins
  20 kobolds
  3 quokkas
  6 ball pythons
  2 frilled lizards
  4 kobold zombies (Ossuary)
  3 quokka zombies (Ossuary)
  9 rats
  4 rat zombies (Ossuary)
1447 creatures vanquished.

Vanquished Creatures (collateral kills)
  A wolf spider (Spider:4)
  A steelbarb worm (Spider:4)
  A jumping spider (Spider:4)
  A redback (Spider:4)
4 creatures vanquished.

Vanquished Creatures (others)
  An entropy weaver (Lair:4)
  A deep elf zephyrmancer (Elf:1)
  A bloated husk (Swamp:4)
  A human (D:14)
  A swamp worm (Swamp:4)
  12 foxfires
17 creatures vanquished.

Grand Total: 1468 creatures vanquished

Notes
Turn   | Place    | Note
-------+----------+-------------------------------------------
     0 | D:1      | Pooter the Minotaur Berserker began the quest for the Orb.
     0 | D:1      | Reached XP level 1. HP: 19/19 MP: 0/0
    86 | D:1      | Found a faded altar of an unknown god.
   118 | D:1      | Reached XP level 2. HP: 16/27 MP: 1/1
   221 | D:1      | Reached skill level 4 in Axes
   345 | D:1      | Reached skill level 1 in Stealth
   632 | D:1      | Reached XP level 3. HP: 33/33 MP: 2/2
   795 | D:2      | Noticed Robin
   904 | D:1      | Reached ** piety under Trog
  1049 | D:1      | Reached XP level 4. HP: 40/40 MP: 3/3
  1085 | D:2      | Killed Robin
  1153 | D:2      | Reached skill level 5 in Axes
  1292 | D:2      | Reached XP level 5. HP: 47/47 MP: 4/4
  1342 | D:2      | Noticed Terence
  1346 | D:2      | Killed Terence
  2244 | D:3      | Reached *** piety under Trog
  2245 | D:3      | Reached skill level 1 in Ranged Weapons
  2516 | D:3      | Reached XP level 6. HP: 55/55 MP: 5/5
  2517 | D:3      | Reached skill level 5 in Fighting
  2517 | D:3      | Reached skill level 6 in Axes
  3170 | D:4      | Found a staircase to the Ecumenical Temple.
  3530 | D:5      | Entered Level 5 of the Dungeon
  3607 | D:5      | Reached XP level 7. HP: 56/61 MP: 6/6
  3773 | D:5      | Reached skill level 7 in Axes
  4621 | D:5      | Reached XP level 8. HP: 70/70 MP: 7/7
  4735 | D:5      | Reached skill level 8 in Axes
  4735 | D:5      | Reached skill level 5 in Ranged Weapons
  4854 | D:6      | Found a hide-covered altar of Uskayaw.
  4957 | D:6      | Found a sand-covered staircase.
  4974 | Ossuary  | Entered an ossuary
  5262 | Ossuary  | Reached skill level 9 in Axes
  5788 | D:6      | Reached XP level 9. HP: 79/79 MP: 8/8
  5795 | D:6      | Found an ancient bone altar of Kikubaaqudgha.
  6260 | D:7      | Reached skill level 10 in Axes
  6342 | D:7      | Reached **** piety under Trog
  7021 | D:7      | Found Bawosirgh's Lightly-Used Armoury.
  7874 | D:7      | Found a glowing silver altar of Zin.
  7874 | D:7      | Noticed an angel
  8287 | D:8      | Paralysed by a hornet for 1 turns
  8291 | D:8      | Paralysed by a hornet for 1 turns
  8295 | D:8      | Reached skill level 11 in Axes
  8970 | D:8      | Reached XP level 10. HP: 64/90 MP: 9/9
  9185 | D:8      | Found a sparkling altar of Nemelex Xobeh.
  9186 | D:8      | Found a shimmering blue altar of Sif Muna.
  9263 | D:8      | Found a snail-covered altar of Cheibriados.
  9352 | D:8      | Found a stormy altar of Qazlal.
  9385 | D:8      | Reached skill level 12 in Axes
  9402 | D:8      | Reached skill level 10 in Ranged Weapons
 10867 | D:9      | Noticed Erica
 10877 | D:9      | Killed Erica
 10878 | D:9      | Reached skill level 13 in Axes
 11063 | D:10     | Entered Level 10 of the Dungeon
 11113 | D:10     | Noticed a two-headed ogre
 11145 | D:10     | Killed a two-headed ogre
 11289 | D:10     | Reached XP level 11. HP: 99/99 MP: 10/10
 12282 | D:10     | Found a staircase to the Orcish Mines.
 12301 | Orc:1    | Entered Level 1 of the Orcish Mines
 12310 | Orc:1    | Noticed an orc sorcerer
 12324 | Orc:1    | Killed an orc sorcerer
 12325 | Orc:1    | Reached skill level 10 in Fighting
 12733 | D:7      | Bought -1 gold dragon scales for 825 gold pieces
 13119 | Orc:2    | Entered Level 2 of the Orcish Mines
 13119 | Orc:2    | Noticed a two-headed ogre
 13179 | Orc:1    | Killed a two-headed ogre
 13183 | Orc:1    | Reached skill level 14 in Axes
 13733 | Orc:2    | Noticed a two-headed ogre
 13743 | Orc:2    | Killed a two-headed ogre
 14660 | Orc:2    | Noticed a two-headed ogre
 14666 | Orc:2    | Killed a two-headed ogre
 15227 | Orc:2    | Noticed a two-headed ogre
 15233 | Orc:2    | Killed a two-headed ogre
 16059 | Orc:1    | Found Apsireng's Magic Scroll Shop.
 16062 | Orc:1    | Bought a scroll of revelation for 82 gold pieces
 16062 | Orc:1    | Bought a scroll of identify for 22 gold pieces
 16738 | Orc:2    | Reached skill level 15 in Axes
 16848 | Orc:2    | Reached XP level 12. HP: 110/110 MP: 11/11
 17342 | Orc:2    | Found a staircase to the Elven Halls.
 17413 | Orc:2    | Noticed an ettin
 17420 | Orc:2    | Killed an ettin
 17511 | Orc:2    | Found Ojicwont's Weapon Emporium.
 17635 | Orc:2    | Found Wicucs's General Store.
 17640 | Orc:2    | Bought a scroll of revelation for 97 gold pieces
 17640 | Orc:2    | Bought a scroll of identify for 26 gold pieces
 17640 | Orc:2    | Bought a scroll of identify for 26 gold pieces
 17640 | Orc:2    | Bought a scroll of immolation for 52 gold pieces
 17653 | Orc:2    | Noticed an orc high priest
 17661 | Orc:2    | Killed an orc high priest
 18623 | Orc:2    | Reached skill level 16 in Axes
 18661 | Orc:2    | Noticed an orc warlord
 18677 | Orc:2    | Killed an orc warlord
 19138 | Orc:2    | Noticed an orc high priest
 19150 | Orc:2    | Killed an orc high priest
 19477 | Orc:2    | Noticed an orc high priest
 19481 | Orc:2    | Killed an orc high priest
 19925 | Orc:2    | Found Hecwa's General Store.
 19934 | Orc:2    | Bought a scroll of identify for 26 gold pieces
 20010 | Orc:2    | Noticed an orc high priest
 20018 | Orc:2    | Killed an orc high priest
 20062 | Orc:2    | Found Wireynuu's Book Shoppe.
 20094 | Orc:2    | Noticed an orc high priest
 20102 | Orc:2    | Killed an orc high priest
 20410 | Orc:2    | Reached XP level 13. HP: 119/119 MP: 12/12
 21121 | D:10     | Found a staircase to the Lair.
 21147 | D:10     | Reached skill level 17 in Axes
 22059 | Lair:1   | Entered Level 1 of the Lair of Beasts
 22189 | D:10     | Reached skill level 15 in Ranged Weapons
 22874 | Lair:1   | Found the +8 Vampire's Tooth {megavamp}
 22939 | Lair:1   | Identified the +10 rapier of the End {venom, rElec}
 23552 | Lair:1   | Upgraded the game from 0.31-a0-1204-ge2c1a860ed to
                  | 0.31-a0-1206-g41278d8d1d
 24588 | Orc:2    | Bought a potion of mutation for 104 gold pieces
 24588 | Orc:2    | Bought a potion of invisibility for 104 gold pieces
 25105 | Lair:2   | Reached skill level 18 in Axes
 25985 | Lair:2   | Found a staircase to the Swamp.
 26043 | Lair:2   | Found a hole to the Spider Nest.
 26449 | Lair:2   | Reached XP level 14. HP: 120/129 MP: 13/13
 27005 | Lair:3   | Noticed Sonja
 27013 | Lair:3   | Killed Sonja
 27368 | Lair:3   | Reached skill level 5 in Armour
 30332 | Lair:3   | Noticed Urug
 31060 | Lair:3   | Urug changed into Urug the redback
 31060 | Lair:3   | Noticed Urug
 31062 | Lair:3   | Killed Urug the redback
 31320 | Lair:4   | Reached skill level 1 in Evocations
 31934 | Lair:3   | Reached skill level 19 in Axes
 32759 | Lair:4   | Noticed Nessos
 32803 | Lair:4   | Killed Nessos
 32878 | Lair:4   | Found a runed translucent door.
 33964 | Lair:4   | Found a viscous altar of Jiyva.
 33965 | Lair:4   | Found a staircase to the Slime Pits.
 35885 | Lair:4   | Found a runed translucent door.
 35886 | Lair:4   | Noticed Coer's ghost (journeyman DgDe)
 35910 | Lair:4   | Killed Coer's ghost
 36266 | Lair:5   | Entered Level 5 of the Lair of Beasts
 36652 | Lair:5   | Noticed Snorg
 36673 | Lair:5   | Killed Snorg
 37475 | Lair:5   | Reached XP level 15. HP: 139/139 MP: 14/14
 37701 | Lair:5   | Noticed Rupert
 37720 | Lair:5   | Killed Rupert
 38714 | Lair:5   | Reached skill level 20 in Axes
 42855 | Orc:2    | Bought a wand of paralysis (3) for 93 gold pieces
 42855 | Orc:2    | Bought a scroll of revelation for 97 gold pieces
 43490 | D:11     | Found Latakk's Book Shoppe.
 43732 | D:11     | Reached skill level 15 in Fighting
 46717 | D:13     | Reached ***** piety under Trog
 47086 | D:13     | Found Coapefiz's General Store.
 47285 | D:13     | Noticed Frances
 47296 | D:13     | Killed Frances
 47297 | D:13     | Reached skill level 5 in Evocations
 47699 | D:14     | Noticed Azrael
 47705 | D:14     | Killed Azrael
 47706 | D:14     | Reached skill level 10 in Armour
 48182 | D:14     | Reached XP level 16. HP: 149/149 MP: 15/15
 48258 | D:14     | Found a runed translucent gate.
 48258 | D:14     | Found a runed translucent gate.
 48258 | D:14     | Found a runed translucent gate.
 48261 | D:14     | Noticed servayboy121's ghost (journeyman FeSh)
 48272 | D:14     | Reached skill level 21 in Axes
 48305 | D:14     | Killed servayboy121's ghost
 48638 | D:13     | Bought a condenser vane for 560 gold pieces
 49310 | D:14     | Found a gate to the Vaults.
 49322 | D:14     | Identified the +2 plate armour of Zikhli {rC+ Will+ Int+3}
 49577 | D:15     | Entered Level 15 of the Dungeon
 50981 | D:15     | Found a staircase to the Depths.
 51047 | D:15     | Identified a scroll of acquirement
 51048 | D:15     | Acquired a manual of Fighting
 51379 | Elf:1    | Entered Level 1 of the Elven Halls
 51953 | Elf:1    | Found a flickering gateway to a bazaar.
 51963 | Bazaar   | Entered a bazaar
 51963 | Bazaar   | Found Qeherel's Antique Weapon Shoppe.
 51963 | Bazaar   | Found Gyemuni's General Store.
 51964 | Bazaar   | Found Gyubb's General Store.
 51964 | Bazaar   | Found Faffy's Assorted Antiques.
 51985 | Bazaar   | Bought a wand of mindburst (7) for 117 gold pieces
 52265 | Spider:1 | Entered Level 1 of the Spider Nest
 53601 | Spider:2 | Reached skill level 22 in Axes
 55577 | Spider:2 | Reached XP level 17. HP: 142/156 MP: 16/16
 58000 | Spider:3 | Paralysed by a jorogumo for 1 turns
 59896 | Spider:3 | Paralysed by a jorogumo for 3 turns
 60113 | Spider:4 | Entered Level 4 of the Spider Nest
 62602 | Spider:4 | Received a gift from Trog
 62602 | Spider:4 | Found the +4 consecrated labrys {holy, Valiant ^Fragile Fly
                  | SInv}
 62603 | Spider:4 | Reached skill level 23 in Axes
 63916 | Spider:4 | Reached skill level 15 in Armour
 65258 | Spider:4 | Got a gossamer rune of Zot
 65479 | Swamp:1  | Entered Level 1 of the Swamp
 66688 | Swamp:1  | Noticed Roxanne
 66930 | Swamp:1  | Reached XP level 18. HP: 137/173 MP: 17/17
 67079 | Swamp:1  | Identified the granite talisman of the Lily {rN+ Will+
                  | Stlth+}
 67082 | Swamp:1  | Identified the +7 spear of Governance {heavy, +Blink rC-
                  | Will++}
 67600 | Swamp:1  | Killed Roxanne
 68284 | Swamp:2  | You fall into a shaft and drop 1 floor!
 68513 | Swamp:2  | Reached skill level 1 in Throwing
 69770 | Swamp:4  | Entered Level 4 of the Swamp
 69882 | Swamp:4  | Reached skill level 24 in Axes
 73763 | Swamp:4  | Got a decaying rune of Zot
 73781 | Swamp:4  | Noticed a tentacled monstrosity
 73788 | Swamp:4  | Killed a tentacled monstrosity
 73803 | Swamp:4  | Found a runed translucent door.
 74127 | Swamp:4  | Noticed Doj's ghost (journeyman DsEE)
 74128 | Swamp:4  | Identified the +0 spear of Disembowelment {venom, rC++
                  | Str+5 Stlth-}
 75517 | Elf:1    | Noticed a Tzitzimitl
 76362 | Elf:1    | Paralysed by an air elemental for 1 turns
 76439 | Elf:1    | Paralysed by an air elemental for 1 turns
 76445 | Elf:1    | Paralysed by an air elemental for 1 turns
 77050 | Elf:1    | Paralysed by an air elemental for 1 turns
 77356 | Elf:1    | Reached XP level 19. HP: 157/185 MP: 18/18
 78128 | Elf:2    | Paralysed by an air elemental for 1 turns
 78170 | Elf:2    | Paralysed by an air elemental for 1 turns
 78507 | Elf:2    | Reached skill level 5 in Throwing
 79499 | Elf:2    | Found a huge runed translucent gate.
 79499 | Elf:2    | Found a huge runed translucent gate.
 79504 | Elf:2    | Found a huge runed translucent gate.
 79584 | Elf:2    | Reached skill level 10 in Evocations
 79586 | Elf:2    | Found Luneror's Antique Weapon Emporium.
 79657 | Elf:2    | Found a huge runed translucent gate.
 79657 | Elf:2    | Found a huge runed translucent gate.
 79691 | Elf:3    | Entered Level 3 of the Elven Halls
 81468 | Elf:3    | Identified the +9 long sword of the Protecting Gods {holy,
                  | Str+5}
 81468 | Elf:3    | Identified the amulet of Buov {Spirit rPois rC+ Regen+}
 82343 | Elf:3    | Identified the +3 longbow "Xettallut" {elec, ^Contam Str+5}
 82381 | Elf:3    | Found a huge runed translucent gate.
 82381 | Elf:3    | Found a huge runed translucent gate.
 82381 | Elf:3    | Found a huge runed translucent gate.
 82381 | Elf:3    | Found a huge runed translucent gate.
 82381 | Elf:3    | Found a huge runed translucent gate.
 82381 | Elf:3    | Found a huge runed translucent gate.
 82381 | Elf:3    | Found a huge runed translucent gate.
 82381 | Elf:3    | Found a huge runed translucent gate.
 82381 | Elf:3    | Found a huge runed translucent gate.
 82381 | Elf:3    | Found a huge runed translucent gate.
 82381 | Elf:3    | Found a huge runed translucent gate.
 82381 | Elf:3    | Found a huge runed translucent gate.
 82381 | Elf:3    | Found a huge runed translucent gate.
 82381 | Elf:3    | Found a huge runed translucent gate.
 82381 | Elf:3    | Found a huge runed translucent gate.
 82381 | Elf:3    | Found a huge runed translucent gate.
 82381 | Elf:3    | Found a huge runed translucent gate.
 82381 | Elf:3    | Found a huge runed translucent gate.
 82381 | Elf:3    | Found a huge runed translucent gate.
 82528 | Elf:3    | Found a huge runed translucent gate.
 82766 | Elf:3    | Identified the staff of Vugis {rF+ Will+ Fire}
 82791 | Elf:3    | Paralysed by an air elemental for 1 turns
 82797 | Elf:3    | Paralysed by an air elemental for 1 turns
 82861 | Elf:3    | Found Ygaybleh's Distillery.
 82865 | Elf:3    | Bought a potion of might for 64 gold pieces
 82865 | Elf:3    | Bought a potion of curing for 48 gold pieces
 82865 | Elf:3    | Bought a potion of heal wounds for 80 gold pieces
 82865 | Elf:3    | Bought a potion of curing for 48 gold pieces
 82865 | Elf:3    | Bought a potion of curing for 48 gold pieces
 82865 | Elf:3    | Bought a potion of enlightenment for 80 gold pieces
 83508 | Elf:3    | Found Wudyfyd's Jewellery Shoppe.
 83931 | Vaults:1 | Entered Level 1 of the Vaults
 84061 | Vaults:1 | Found a magical portal.
 84079 | WizLab   | Entered Zonguldrok's Shrine
 84304 | WizLab   | Reached XP level 20. HP: 199/199 MP: 19/19
 84382 | WizLab   | Noticed an antique champion
 84382 | WizLab   | Noticed an antique champion
 84398 | WizLab   | HP: 4/237 [antique champion/+0 double sword of draining
                  | (46)]
 84398 | WizLab   | Slain by an antique champion

Illustrated notes

Levels and vault maps discovered:
D:1:      dpeg_arrival_subterranean_lakeside_camping, layout_basic,
          basic_ecumenical_altar
D:2:      minmay_diamond_boxcup, layout_rooms, hex_medium, uniq_robin,
          uniq_terence
D:3:      cheibrodos_thug_alley, layout_basic, dk_vineyard_3, item_on_display_a
D:4:      layout_basic, minmay_temple_entry_mist
D:5:      layout_basic, serial_bayou_ford_a
D:6:      layout_basic, lemuel_mausoleum_altar_kikubaaqudgha,
          nicolae_overflow_crystal_walls, enter_ossuary_1,
          chequers_serial_rivers_micro_d
D:7:      nicolae_cairo_tiling_very_big, layout_layer_cave, zin_angel,
          grunt_ministairs_4, minmay_shop_damaged
D:8:      layout_layer_cave, nicolae_qazlal_general_emergency,
          grunt_temple_overflow_open, kennysheep_opposing_triangles
D:9:      layout_loops_ring, uniq_erica
D:10:     layout_loops_corners, david_lair_shrubbed, erik_orc_2, minivault_16,
          hex_tiny
D:11:     layout_stronghold, serial_shops, nicolae_book_shop_shelving
D:12:     layout_basic
D:13:     layout_roguey, serial_shops, shop, special_room [special_room_orc],
          uniq_frances
D:14:     layout_roguey, ximxim_vaults_locker_room, nicolae_eternal_life,
          gammafunk_ghost_hydra_chop, uniq_azrael
D:15:     gammafunk_depths_entry_grave, layout_rooms
Lair:1:   cheibrodos_lair_river_kwai, layout_chaotic_city,
          minmay_lair_oklob_items, dreamdust_deal_with_the_devil
Lair:2:   layout_chaotic_city, swamp_mist, nicolae_spider_entry_non_spiders,
          chequers_serial_rivers_marsh, serial_bayou_lagoon_b
Lair:3:   layout_gridlike, chequers_serial_rivers_micro_b, uniq_urug, uniq_sonja
Lair:4:   gammafunk_mikee_crab_dinner, layout_concentric_octagons,
          dpeg_slime_entry_corner, ebering_ghost_inner_flame,
          lemuel_fruit_fields, grunt_megastairs_2, uniq_nessos
Lair:5:   hangedman_lair_caniforms_friends, layout_long_grid,
          guppyfry_lair_end_dragon, serial_bayou_shore_a, uniq_rupert,
          uniq_snorg
Swamp:1:  tekkud_swamp_unearthing_site, layout_falls_marsh,
          evilmike_swamp_ruin_rubble_2, nicolae_swamp_tree_isthmus,
          swamp_pool_1_2, st_swamp_mini, uniq_roxanne
Swamp:2:  layout_falls_marsh, wheals_swamp_sinkhole, beargit_elvish_explorers
Swamp:3:  layout_basic_swamp, nicolae_swamp_small_spring,
          infiniplex_staircase_pool
Swamp:4:  swamp, layout_basic_swamp, ebering_ghost_funeral_grove
Spider:1: layout_spider_delve
Spider:2: spiders_nest_scorpion_pit, nicolae_spider_circle_web,
          nicolae_spider_cling_halls
Spider:3: layout_spider_delve, nicolae_spider_webs_and_nodes, drop_trap
Spider:4: grunt_spider_rune_parallel
Orc:1:    layout_caves, serial_shops, nicolae_shop_rolled_up
Orc:2:    pubby_orc_utopia
Elf:1:    minmay_elf_arrival_summoners, layout_loops_cross, serial_shops,
          bzr_in_the_mist, portal_desolation_entry_salt,
          hangedman_elf_disciples, hangedman_elven_ridges, corner_web_ring,
          nicolae_elf_vaults_five_recruitment_drive
Elf:2:    elven_hall_of_blades_hangedman_alternative
          [nicolae_blade_entry_pointy_end], layout_gridlike, serial_shops,
          nicolae_shop_tiny_real_fake_doors, special_room [special_room_orc]
Elf:3:    minmay_elf_hall_quartered_circle, layout_geoelf_grid, serial_shops,
          nicolae_shop_tiny_waterfront, nicolae_diamond_shop,
          hangedman_elf_represent
Vaults:1: infiniplex_enter_wizlab_water, hangedman_vaults_impose,
          nicolae_vaults_doubleplus_tesselated, ontoclasm_vaults_ligature,
          v_misc_23, nicolae_vaults_apartment_1,
          nicolae_vaults_storage_closets_1, vaults_room_corners,
          nicolae_vaults_specimen_jars, nicolae_vaults_layer_cake_slice,
          vaults_room_grunt_arrival_ludios, vaults_dpeg_emergency_exit,
          layout_vaults_quadrants, serial_shops, shop, uniq_norris
WizLab:   wizlab_zonguldrok

Skill      XL: |  1  2  3  4  5  6  7  8  9 10 11 12 13 14 15 16 17 18 19 20 |
---------------+-------------------------------------------------------------+-----
Axes           | 4 5 6 7 9 11 13 15 16 18 19 20 22 23 24 | 24.0
Stealth        | 1 2 |  2.8
Fighting       | 4 5 6 7 8 9 11 12 13 14 15 16 18 20 21 | 21.8
Ranged Weapons | 1 3 4 7 9 11 13 14 16 17 18 | 18.0
Armour         | 4 7 10 13 15 17 19 20 | 20.1
Evocations     | 3 5 6 8 9 10 | 10.0
Throwing       | 4 7 8 |  8.0
Dodging        | |  2.1

Action                     |  1- 3 |  4- 6 |  7- 9 | 10-12 | 13-15 | 16-18 | 19-21 || total
---------------------------+-------+-------+-------+-------+-------+-------+-------++-------
  Melee: Hand axe          |    56 |     3 |       |       |       |       |       ||    59
         Headbutt          |     6 |    12 |    52 |    89 |   196 |   190 |    55 ||   600
         Trident           |       |    47 |       |       |       |       |       ||    47
         Flail             |       |    49 |    19 |       |       |       |       ||    68
         Punch             |       |     1 |       |       |       |     1 |       ||     2
         Morningstar       |       |       |   209 |       |       |       |       ||   209
         Battleaxe         |       |       |    73 |   403 |   534 |       |       ||  1010
         War axe           |       |       |       |       |    21 |    27 |       ||    48
         Executioner's axe |       |       |       |       |   310 |   840 |   253 ||  1403
         Broad axe         |       |       |       |       |       |    12 |       ||    12
   Fire: Sling             |       |    48 |    44 |     4 |       |       |       ||    96
         Shortbow          |       |       |       |    25 |       |       |       ||    25
         Arbalest          |       |       |       |   252 |   452 |   510 |   235 ||  1449
  Throw: Dart              |       |     3 |    14 |       |    27 |     1 |       ||    45
         Javelin           |       |       |     2 |     1 |       |       |       ||     3
         Boomerang         |       |       |       |       |     5 |    34 |     5 ||    44
 Invoke: Berserk           |     4 |     3 |     7 |    24 |    20 |    18 |    13 ||    89
         Trog's Hand       |       |     1 |    10 |    24 |    30 |    32 |    29 ||   126
         Brothers in Arms  |       |       |       |       |       |     2 |       ||     2
  Evoke: Wand              |       |       |       |     4 |     6 |    24 |     3 ||    37
         Condenser vane    |       |       |       |       |       |     2 |       ||     2
    Use: Scroll            |       |     5 |     6 |    13 |    16 |    16 |     8 ||    64
         Potion            |       |       |       |     2 |     5 |     8 |     1 ||    16
   Stab: Paralysed         |       |       |       |       |     1 |     2 |       ||     3
         Invisible         |       |       |       |       |       |     1 |     2 ||     3
 Armour: Animal skin       |     7 |       |       |       |       |       |       ||     7
         Ring mail         |    42 |    59 |    94 |    97 |       |       |       ||   292
         Chain mail        |       |       |   201 |       |       |       |       ||   201
         Gold dragon scale |       |       |       |   338 |  1329 |  1549 |   348 ||  3564
         Skin              |       |       |       |     2 |       |       |       ||     2
  Dodge: Dodged            |    48 |    59 |   169 |   119 |   299 |   344 |    66 ||  1104
  Block: Other             |       |       |       |     9 |    31 |    52 |    22 ||   114
         Reflection        |       |       |       |     1 |     3 |     4 |     5 ||    13

Table legend: (Time is in decaauts)
 A = Elapsed time spent in this place.
 B = Non-inter-level travel time spent in this place.
 C = Inter-level travel time spent in this place.
 D = Time resting spent in this place.
 E = Time spent auto-exploring this place.
 F = Levels seen in this place.
 G = Mean time per level.
                   A        B        C        D        E       F      G
               +--------+--------+--------+--------+--------+-----+--------+
         Total |  85751 |  81892 |   3859 |  51734 |  18709 |  37 | 2317.6 |
       Dungeon |  23697 |  21860 |   1837 |   8932 |   9888 |  15 | 1579.8 |
          Lair |  20067 |  19638 |    429 |  14464 |   3065 |   5 | 4013.4 |
         Swamp |   8795 |   8509 |    286 |   5917 |   1595 |   4 | 2198.8 |
   Spider Nest |  13266 |  12912 |    354 |   9715 |   1950 |   4 | 3316.5 |
  Orcish Mines |   9439 |   8765 |    674 |   6110 |    975 |   2 | 4719.5 |
   Elven Halls |   9654 |   9377 |    277 |   6268 |   1197 |   3 | 3218.0 |
        Vaults |    158 |    158 |      0 |     45 |      0 |   1 |  158.0 |
        Bazaar |     26 |     26 |      0 |      0 |      0 |   1 |   26.0 |
       Ossuary |    343 |    343 |      0 |    182 |     16 |   1 |  343.0 |
        Wizlab |    301 |    301 |      0 |     97 |     21 |   1 |  301.0 |
               +--------+--------+--------+--------+--------+-----+--------+

Top non-repeatable levels by time:
   Orc:2: 8171 daAuts
  Lair:5: 5717 daAuts
Spider:4: 4982 daAuts
  Lair:4: 4883 daAuts
  Lair:3: 4491 daAuts
 Swamp:4: 4090 daAuts
Spider:2: 3838 daAuts
   Elf:1: 3701 daAuts
    D:10: 3271 daAuts
   Elf:3: 3238 daAuts
Spider:3: 2921 daAuts
    D:12: 2715 daAuts
   Elf:2: 2714 daAuts
  Lair:1: 2522 daAuts
  Lair:2: 2452 daAuts
